Unix NetHack Version 5.0.0-0 post-release - last build Jun 10 2026 00:39:30 (3ee93aec679c4c4259841fe613dc97188e26a321,branch:main).

Game began 2026-06-23 18:25:58, ended 2026-06-23 18:44:27.

DaveT, lawful male human Priest

          ---- ---
        ---..---.--------                                    ---
        |.....|.........--           ----     --.      ---  --.--
       --a...............-------     |..|    --..      |.----...|
       |@a..(.........^...--.|.|    --..---  |..-     --.......--
       --a.%..........^........|    |.....|  |..---  --......--
         -....----.............--   |....-----....-- |.....---  ---
                       .......`.--  |-..---........| --..%--    |.--
                       ..........----.......|..%...| --...|     |..---
                       ................---------...--|....|---- |....|
                       ................|       |.....|-^.--.--.--....|
                        ..............--       |.....--..^..........-|
                        ---...........|        |................<....|
                          ----........|        --....................--
                             --.......--        |.......-.............|
                            ---........|     ----...........%[.......)---
                            ..........--    --.........#--....#.---..>..--
                            --.....----     |........--- ##..#--- |......|
                             --...--        --.-------    --#-    ----...|
                              -----          ---                     -----

DaveT the Adept              St:16 Dx:10 Co:13 In:10 Wi:18 Ch:7  Lawful
Dlvl:3  $:0  HP:0(32) Pw:62(62) AC:0  Xp:6 T:3593  Satiated Burdened

Latest messages:
 You knock the iguana backward with a powerful strike!
 You kill the iguana!
 You see here a tin opener.
 A board beneath you squeaks a C note loudly.
 A board beneath you squeaks a G sharp loudly.
 You hear a G sharp squeak nearby.
 The giant ant misses!
 The giant ant bites!
 You miss the giant ant.
 The giant ant misses!
 The giant ant misses!
 The giant ant bites!
 You miss the giant ant.
 The giant ant bites!
 You hear a G sharp squeak in the distance.
 You hit the giant ant!
 You knock the giant ant backward with a powerful strike!
 The giant ant bites!
 The giant ant bites!
 The giant ant misses!
 You miss the giant ant.
 The giant ant bites!
 The giant ant bites!
 The giant ant bites!
 You hit the giant ant!
 The giant ant bites!
 The giant ant misses!
 The giant ant misses!
 The giant ant misses!
 You kill the giant ant!
 The giant ant misses!
 The giant ant bites!
 You miss the giant ant.
 The giant ant misses!
 The giant ant bites!
 The giant ant misses!
 You hit the giant ant!
 The giant ant bites!
 The giant ant misses!
 The giant ant misses!
 The giant ant bites!
 The giant ant bites!
 The giant ant misses!
 The giant ant bites!
 The giant ant misses!
 You miss the giant ant.
 The giant ant bites!
 You die...
 Do you want your possessions identified? [ynq] (y) y
 Do you want to see your attributes? [ynq] (y) q

Inventory:
 Weapons  (')')
  i - 12 +0 arrows
  j - 6 cursed +1 crossbow bolts
  O - a +0 crossbow
  Q - 6 +0 shuriken
  r - a +5 dagger
  V - a +0 orcish dagger
  n - a cursed -1 orcish dagger
  a - a blessed +4 mace (weapon in right hand)
 Armor    ('[')
  l - a +0 orcish helm (being worn)
  t - a +0 pair of low boots (being worn)
  c - a burnt +3 small shield (being worn)
  b - a +0 robe (being worn)
  C - a blessed +0 studded leather armor (being worn)
 Comestibles  ('%')
  d - a banana
  o - a carrot
  e - a clove of garlic
  v - 3 food rations
  k - 2 cursed food rations
  s - a fortune cookie
  f - a sprig of wolfsbane
 Scrolls  ('?')
  Y - a scroll of blank paper
 Spellbooks  ('+')
  Z - a spellbook of stone to flesh
 Potions  ('!')
  X - a potion of healing
 Rings    ('=')
  p - a cursed -2 ring of protection
 Wands    ('/')
  q - a wand of polymorph (0:3)
  x - a wand of stasis (0:2)
  m - a wand of striking (0:7)
 Tools    ('(')
  w - a sack containing 14 items
  y - a cursed wooden harp
  z - a stethoscope
 Gems/Stones  ('*')
  h - a luckstone

Contents of the sack:
  487 gold pieces
  2 blessed scrolls of blank paper
  a scroll of blank paper
  a blessed scroll of identify
  a scroll of light
  a potion of gain energy
  a cursed potion of healing
  a cursed potion of monster detection
  2 potions of holy water
  a potion of water
  2 worthless pieces of green glass
  a worthless piece of violet glass
  a worthless piece of white glass
  2 luckstones

DaveT the Priest's attributes:

Background:
 You were an Adept, a level 6 human Priest.
 You were lawful, nominally on a mission for Ptah
 who was opposed by Thoth (neutral) and Anhur (chaotic).
 You were right-handed.
 You were in the Gnomish Mines, on level 3.
 You entered the dungeon 3593 turns ago.
 You had 449 experience points, 191 more were needed to attain level 7.

Basics:
 You had 0 out of 32 hit points.
 You had all 62 energy points (spell power).
 Your armor class was 0.
 Your wallet was empty, but
 you had 487 zorkmids stashed away in your pack.
 Autopickup was off.

Final Characteristics:
 Your strength was 16 (limit:18/100).
 Your dexterity was 10 (peak:11, limit:18).
 Your constitution was 13 (limit:18).
 Your intelligence was 10 (limit:18).
 Your wisdom was 18 (limit:18).
 Your charisma was 7 (limit:18).

Final Status:
 You were satiated.
 You were burdened; movement was slightly slowed.
 You were wielding a mace.
 You had basic skill with mace and could have enhanced that.

Final Attributes:
 You were piously aligned.
 You were guarded.
 Your spell casting was enhanced by wearing a robe.
 You were lucky.
 You had extra luck.
 Bad luck did not time out for you.
 Good luck did not time out for you.
 You are dead.

Miscellaneous:
 You didn't encounter any bones levels.
 Total elapsed playing time was 18 minutes and 29 seconds.

Major events:
 Turn
    1: DaveT the lawful human Priest entered the dungeon
  453: entered the Gnomish Mines
  659: attained the rank of Acolyte (level 3)
 2910: attained the rank of Adept (level 6)
 3593: killed by a giant ant

Spells:
 Name                 Level Category     Fail Retention
 light                  1   clerical       0%   81%-90%
 detect unseen          3   divination    73%  76%-100%
 levitation             4   escape        99%  76%-100%
 confuse monster        1   enchantment    0%  76%-100%
 stone to flesh         3   healing       73%  76%-100%

Skills:
 Fighting Skills
   bare handed combat [Unskilled]
 Weapon Skills
   club               [Unskilled]
   mace               [Basic]
   morning star       [Unskilled]
   flail              [Unskilled]
   hammer             [Unskilled]
   quarterstaff       [Unskilled]
   polearms           [Unskilled]
   spear              [Unskilled]
   trident            [Unskilled]
   lance              [Unskilled]
   bow                [Unskilled]
   sling              [Unskilled]
   crossbow           [Unskilled]
   dart               [Unskilled]
   shuriken           [Unskilled]
   boomerang          [Unskilled]
   unicorn horn       [Unskilled]
 Spellcasting Skills
   healing spells     [Unskilled]
   divination spells  [Unskilled]
   clerical spells    [Basic]

Voluntary challenges:
 Character rerolling was not enabled.
 You were an atheist.
 You never genocided any monsters.
 You never polymorphed an object.
 You never changed form.
 You used no wishes.
Achievements:
 You entered the Gnomish Mines.
 You attained the rank of Acolyte.
 You entered a shop.
 You attained the rank of Adept.

 The Dungeons of Doom: levels 1 to 7
    Level 1:
    Level 2: "vault door in NE"
       Stairs down to The Gnomish Mines.
    Level 3:
       A general store.
    Level 4: "vault door in SE"
       Some fountains, a tree.
    Level 5:
       A fountain.
    Level 6:
       Many fountains.
    Level 7:
 The Gnomish Mines: levels 3 to 4
    Level 3: <- You were here.
       Final resting place for
          you, killed by a giant ant.
    Level 4:


Vanquished creatures:
  a dog
  a rock piercer
  a rock mole
  a fog cloud
  a gnome leader
  a guardian naga hatchling
  a paper golem
  2 giant ants
  a kitten
  a dwarf
  a homunculus
  a kobold leader
  2 kobold shamans
  9 rothes
  a giant bat
  2 dwarf zombies
  a wererat
  2 iguanas
 an acid blob
  a large kobold
  a hobgoblin
  3 giant rats
  a cave spider
  a green mold
  a red mold
  7 gnomes
  2 garter snakes
  4 geckos
  3 jackals
  2 foxes
  5 goblins
  2 grid bugs
  6 lichens
  2 kobold zombies
  6 newts
78 creatures vanquished.

No species were genocided or became extinct.

Game over:
                       ----------
                      /          \
                     /    REST    \
                    /      IN      \
                   /     PEACE      \
                  /                  \
                  |      DaveT       |
                  |      487 Au      |
                  |   killed by a    |
                  |    giant ant     |
                  |                  |
                  |                  |
                  |       2026       |
                 *|     *  *  *      | *
        _________)/\\_//(\/(/\)/\//\/|_)_______

Goodbye DaveT the Priest...

You died in The Gnomish Mines on dungeon level 3 with 2605 points,
and 487 pieces of gold, after 3593 moves.
You were level 6 with a maximum of 32 hit points when you died.

